 Dungeon Crawl Stone Soup version 0.28.0-53-g5a82cb258f (webtiles) character file.

Game seed: 11772231051209440780

11 Godmorgon the Shield-Bearer (level 2, 27/27 HPs)
             Began as a Minotaur Fighter on Aug 12, 2022.
             Got out of the dungeon alive.
             The game lasted 00:01:00 (334 turns).

Godmorgon the Shield-Bearer (Minotaur Fighter)       Turns: 334, Time: 00:01:01

Health: 27/27      AC:  7    Str: 20    XL:     2   Next: 17%
Magic:  1/1        EV:  9    Int:  5    God:
Gold:   11         SH:  4    Dex:  9    Spells: 1/1 levels left

rFire   . . .      SeeInvis .   a - +0 war axe
rCold   . . .      Faith    .   c - +0 buckler
rNeg    . . .      Spirit   .   b - +0 scale mail
rPois   .          Reflect  .   (helmet restricted)
rElec   .          Harm     .   (no cloak)
rCorr   .          Rampage  .   (no gloves)
Will    .....                   (no boots)
Stlth   ..........              (no amulet)
HPRegen 0.09/turn               (no ring)
MPRegen 0.07/turn               (no ring)

@: no status effects
A: horns 2, retaliatory headbutt
a: no special abilities


You escaped.
You visited 1 branch of the dungeon, and saw 1 of its levels.

You collected 11 gold pieces.

Inventory:

Hand Weapons
 a - a +0 war axe (weapon)
Armour
 b - a +0 scale mail (worn)
 c - a +0 buckler (worn)
Scrolls
 e - a scroll of teleportation {unknown}
 f - a scroll of vulnerability {unknown}
Potions
 d - a potion of might


   Skills:
 + Level 3.8 Fighting
 + Level 2.6(2.7) Axes
 * Level 1.1(2.1) Maces & Flails
 + Level 3.7 Armour
 + Level 3.8 Shields


You had one spell level left.
You didn't know any spells.
Your spell library was empty.

Dungeon Overview and Level Annotations

Branches:
Dungeon (1/15)

Altars:


Innate Abilities, Weirdness & Mutations

You have a pair of horns on your head.
You reflexively headbutt those who attack you in melee.


Message History

A dart slug comes into view.
The quokka bites you but does no damage.
You slash the quokka!
You kill the quokka!
Your Maces & Flails skill increases to level 1!
You hit the dart slug.
The dart slug is severely wounded.
The dart slug bites you but does no damage.
You hit the dart slug.
You kill the dart slug!
You have reached level 2!
An endoplasm comes into view.
The endoplasm quivers.
The endoplasm freezes you.
You are frozen.
You completely miss the endoplasm. You headbutt the endoplasm.
You kill the endoplasm!
Found a dagger.
A rat comes into view.
Found 10 stones.
Found a scroll labelled VOTOSOMOFFA.
You block the rat's attack.
You barely miss the rat. The rat barely misses you.
The rat bites you but does no damage.
You barely miss the rat. Your headbutt misses the rat.
The rat twitches its whiskers.
The rat bites you but does no damage.
You barely miss the rat. You block the rat's attack.
You closely miss the rat. Your headbutt misses the rat.
The rat barely misses you. You furiously retaliate!
You headbutt the rat.
You kill the rat!
Unknown command.
Unknown command.
Unknown command.
Things that are here:
a +0 dagger; a kobold skeleton You open the door.
There is an open door here.
There is a staircase leading out of the dungeon here.
Are you sure you want to leave the Dungeon?
This will make you lose the game!
You have escaped!

..............##.............# ..
.....###.#######.#######.#####.##
.....# #.#######'#######.# #
###### #.##...........##.#
#.##...........##.#
#.##..8.....8..##.# #.##
#.##...........##.# #...
.##...........##.# ######
#8.....@.....8#.. ...#
##...........##.#####.##
#...........##.........
#..8.....8..##.###.....
#...........##.# #...##
#...........##.# #.....
######'#######.# #.#... #.#
###.###.#... #.#####......(#.##


There were no monsters in sight!

Vanquished Creatures
  A dart slug (D:1)
  A bat (D:1)
  3 endoplasms (D:1)
  A kobold (D:1)
  A quokka (D:1)
  A rat (D:1)
8 creatures vanquished.

Notes
Turn   | Place    | Note
-------+----------+-------------------------------------------
     0 | D:1      | Godmorgon the Minotaur Fighter began the quest for the Orb.
     0 | D:1      | Reached XP level 1. HP: 19/19 MP: 0/0
   109 | D:1      | Found a faded altar of an unknown god.
   164 | D:1      | Reached skill level 1 in Maces & Flails
   169 | D:1      | Reached XP level 2. HP: 27/27 MP: 1/1
   334 | D:$      | Got out of the dungeon alive.

Illustrated notes

Levels and vault maps discovered:
D:1:      psy_arrival_statuary, layout_basic, basic_ecumenical_altar,
          serial_park_tiny_2

Skill      XL: |  1 |
---------------+----+-----
Maces & Flails | 1 |  1.1
Fighting       | |  3.8
Axes           | |  2.6
Armour         | |  3.7
Shields        | |  3.8

Action                   || total
-------------------------++-------
Melee: War axe           ||    13
       Headbutt          ||     3
Armor: Scale mail        ||     5
Dodge: Dodged            ||     3
Block: Buckler           ||     2
